Unix NetHack Version 5.0.0-0 post-release - last build Jul 14 2026 02:55:29 (1809b74e8187c3a3585e283601c3028b46cbbdcb,branch:main).

Game began 2026-07-15 16:20:49, ended 2026-07-15 16:37:43.

Koku, neutral female gnomish Wizard

                   -------
                   |.....--
                   |......--------
                   --...@....Z......h..-
                    |..fq--...----  ----
                   --:.-......|
                   -.......--
                  ...--.....--
                 ------......|
                     |<...--.|
                     ------  |

Koku the Conjurer         St:10 Dx:15 Co:15 In:19 Wi:10 Ch:9  Neutral
Dlvl:5  $:48 HP:0(35) Pw:20(29) AC:7  Xp:4 T:2195 

Latest messages:
 Tulip bites the manes.
 The manes misses Tulip.
 The manes misses Tulip.
 The manes misses Tulip.
 Tulip bites it.
 You hear some noises.
 You swap places with Tulip.
 You descend the stairs.
 You swap places with Tulip.
 You swap places with Tulip.
 Tulip misses the giant bat.
 The giant bat bites!
 The giant bat bites!
 You hit the giant bat.
 Tulip misses the giant bat.
 You hear crashing rock.
 The giant bat bites!
 The giant bat bites!
 You miss the giant bat.
 Tulip bites the giant bat.
 The giant bat bites Tulip.
 The giant bat bites!
 Tulip misses the giant bat.
 You miss the giant bat.
 Tulip misses the giant bat.
 The giant bat bites!
 The giant bat bites!
 In what direction? 4
 The spell hits the giant bat!
 You kill the giant bat!
 Where do you want to travel to?
 (For instructions type a '?')
 k - 2 black gems.
 Tulip misses the monkey.
 Tulip bites the monkey.
 The monkey is killed!
 Tulip misses the rothe.
 Tulip misses the rothe.
 In what direction? 2
 The spell misses the rothe.
 Tulip bites the rothe.
 The rothe hits!
 The rothe bites!
 The rothe bites again!
 You die...
 Do you want your possessions identified? [ynq] (y) n
 Do you want to see your attributes? [ynq] (y) y
 Do you want an account of creatures vanquished? [ynaq] (y) y
 Do you want to see your conduct and achievements? [ynq] (y) y
 Do you want to see the dungeon overview? [ynq] (y) y

Inventory:
 Coins    ('$')
  $ - 48 gold pieces
 Weapons  (')')
  C - a +0 knife
  o - 2 +0 orcish daggers (at the ready)
  a - a blessed +1 quarterstaff (weapon in hands)
 Armor    ('[')
  p - an uncursed +0 orcish helm (being worn)
  b - an uncursed +1 cloak of magic resistance (being worn)
  W - an uncursed +0 T-shirt with text "Pudding farmer" (being worn)
 Comestibles  ('%')
  M - an uncursed food ration
  v - an uncursed tripe ration
  X - an uncursed lichen corpse
 Scrolls  ('?')
  E - an uncursed scroll of earth
  Z - an uncursed scroll of enchant weapon
  j - an uncursed scroll of light
  i - a blessed scroll of teleportation
 Spellbooks  ('+')
  l - a blessed spellbook of force bolt
  m - an uncursed spellbook of magic missile
  K - an uncursed spellbook of remove curse
 Potions  ('!')
  f - an uncursed potion of blindness
  V - an uncursed potion of fruit juice
  h - an uncursed potion of healing
  J - an uncursed potion of restore ability
  Y - an uncursed potion of see invisible
  D - an uncursed potion of sickness
  g - an uncursed potion of water
 Rings    ('=')
  e - a blessed +1 ring of gain strength (on right hand)
  d - an uncursed ring of polymorph
 Wands    ('/')
  A - a wand of digging (0:5)
  c - a wand of enlightenment (0:15)
  L - a wand of sleep (0:8)
 Tools    ('(')
  u - an expensive camera (0:46)
  B - an expensive camera (0:42)
  n - a magic marker (0:19)
  N - an uncursed tin opener
 Gems/Stones  ('*')
  k - 2 uncursed worthless pieces of black glass
  F - 2 uncursed worthless pieces of violet glass

Koku the Wizard's attributes:

Background:
 You were a Conjurer, a level 4 female gnomish Wizard.
 You were neutral, on a mission for Thoth
 who was opposed by Ptah (lawful) and Anhur (chaotic).
 You were left-handed.
 You were in the Gnomish Mines, on level 5.
 You entered the dungeon 2195 turns ago.
 There was a new moon in effect when your adventure ended.
 You had 114 experience points, 46 more were needed to attain level 5.

Basics:
 You had 0 out of 35 hit points.
 You had 20 out of 29 energy points (spell power).
 Your armor class was 7.
 Your wallet contained 48 zorkmids.
 Autopickup was off.

Final Characteristics:
 Your strength was 10 (base:9, limit:18/50).
 Your dexterity was 15 (limit:18).
 Your constitution was 15 (limit:18).
 Your intelligence was 19 (limit:19).
 Your wisdom was 10 (limit:18).
 Your charisma was 9 (limit:18).

Final Status:
 You weren't hungry.
 You were unencumbered.
 You were wielding a quarterstaff.
 You had basic skill with quarterstaff.

Final Attributes:
 You were piously aligned.
 You were magic-protected.
 You were cold resistant.
 You had infravision.
 You were warded.
 You are dead.

Miscellaneous:
 You didn't encounter any bones levels.
 Total elapsed playing time was 16 minutes and 45 seconds.

Major events:
 Turn
    1: Koku the neutral female gnomish Wizard entered the dungeon
 1136: attained the rank of Conjurer (level 3)
 2176: entered the Gnomish Mines
 2195: killed by a rothe

Spells:
 Name                 Level Category     Fail Retention
 force bolt             1   attack         0%   81%-90%
 magic missile          2   attack         0%   81%-90%
 remove curse           3   clerical      81%  76%-100%

Skills:
 Fighting Skills
   bare handed combat [Unskilled]
   riding             [Unskilled]
 Weapon Skills
   dagger             [Unskilled]
   knife              [Unskilled]
   axe                [Unskilled]
   short sword        [Unskilled]
   club               [Unskilled]
   mace               [Unskilled]
   quarterstaff       [Basic]
   polearms           [Unskilled]
   spear              [Unskilled]
   trident            [Unskilled]
   sling              [Unskilled]
   dart               [Unskilled]
   shuriken           [Unskilled]
 Spellcasting Skills
   attack spells      [Basic]
   healing spells     [Unskilled]
   divination spells  [Unskilled]
   enchantment spells [Basic]
   clerical spells    [Unskilled]
   escape spells      [Unskilled]
   matter spells      [Unskilled]

Voluntary challenges:
 Character rerolling was not enabled.
 You never genocided any monsters.
 You never polymorphed an object.
 You never changed form.
 You used no wishes.
Achievements:
 You attained the rank of Conjurer.
 You entered a shop.
 You entered the Gnomish Mines.

 The Dungeons of Doom: levels 1 to 4
    Level 1:
    Level 2:
       An altar, a grave.
    Level 3: "got cold res"
    Level 4:
       A general store, a fountain.
       Stairs down to The Gnomish Mines.
 The Gnomish Mines:
    Level 5: <- You were here.
       Final resting place for
          you, killed by a rothe.


Vanquished creatures:
  2 shriekers
  a homunculus
  a giant bat
  a monkey
  a werejackal
  6 manes
  3 giant rats
  a brown mold
  2 yellow molds
  a gnome zombie
  3 geckos
 10 jackals
  a fox
  5 goblins
  3 sewer rats
  5 grid bugs
  6 lichens
  6 newts
58 creatures vanquished.

No species were genocided or became extinct.

Game over:
                       ----------
                      /          \
                     /    REST    \
                    /      IN      \
                   /     PEACE      \
                  /                  \
                  |       Koku       |
                  |      48 Au       |
                  |   killed by a    |
                  |      rothe       |
                  |                  |
                  |                  |
                  |       2026       |
                 *|     *  *  *      | *
        _________)/\\_//(\/(/\)/\//\/|_)_______

Goodbye Koku the Wizard...

You died in The Gnomish Mines on dungeon level 5 with 730 points,
and 48 pieces of gold, after 2195 moves.
You were level 4 with a maximum of 35 hit points when you died.

